[Event "Late-Titled-Tuesday-Blitz-October-10-2023"]
[Site "Chess.com"]
[Date "2023.10.10"]
[Round "5"]
[White "ElenGajger"]
[Black "PawnEatingZombie"]
[Result "0-1"]
[WhiteElo "2382"]
[BlackElo "2215"]
[TimeControl "180+1"]
[EndTime "14:52:12 PDT"]
[Termination "PawnEatingZombie won by checkmate"]

1. e4 e6 2. d4 d5 3. Nd2 Be7 4.
Ngf3 Nf6 5. e5 Nfd7 6. Bd3 c5 7. c3 Nc6 8. O-O O-O 9. a3 a5 10. Bb1 f6 11. exf6 Nxf6 12. Re1 cxd4 13. cxd4 Bd7 14.
h3 Qb6 15. Nf1 a4 16. Ng3 Na5 17. Ne5 Be8 18. Nd3 Nb3 19. Ra2 Bg6 20. Bc2 Ne4 21.
Nxe4 dxe4 22. Ne5 Nxc1 23. Nxg6 hxg6 24. Qxc1 Qxd4 25. Bxe4 Rxf2 26. Kh1 Raf8 27. Bxb7 Bd6 28. Ra1 Bb8 29. Rxe6 Rxb2 30. Be4 Re2 31. Qc6 Qf2 32.
Rxg6 Re1+ 33. Rxe1 Qxe1# 0-1

[Event "Late-Titled-Tuesday-Blitz-October-10-2023"]
[Site "Chess.com"]
[Date "2023.10.10"]
[Round "5"]
[White "NowInChess"]
[Black "szachmistrz2500"]
[Result "0-1"]
[WhiteElo "2211"]
[BlackElo "2408"]
[TimeControl "180+1"]
[EndTime "14:52:13 PDT"]
[Termination "szachmistrz2500 won on time"]

1. e4 c5 2. d3 Nc6 3. g3 g6 4. Bg2 Bg7 5. f4 b5 6. a4 b4 7. Nf3 e6 8. e5 Nge7 9. Nbd2 O-O 10. Ne4 d5 11. Nxc5 a5 12. Be3 d4 13. Nxd4 Bd7 14. Nxd7 Qxd7 15. Nb5 Nd5 16. Bf2 Rfd8 17. O-O f6 18. d4 f5 19. Qd3 Rab8 20. Rad1 Bf8 21. Kh1 Be7 22. b3 Kh8 23. h3 g5 24.
Qf3 Rg8 25. Rg1 g4 26. hxg4 Rxg4 27. Bh3 Rg6 28. g4 fxg4 29. Rxg4 Rh6 30. Rdg1 Rf8 31.
Kh2 Qe8 32. Nd6 Bxd6 33. exd6 Qd7 34. Qe4 Qxd6 35. Kg2 Nxf4+ 36. Rxf4 Rxf4 37. Qe3 Rg6+ 38. Kf1 Rxg1+ 39. Kxg1 Nxd4 40. Bg3 Rf3 0-1

[Event "Late-Titled-Tuesday-Blitz-October-10-2023"]
[Site "Chess.com"]
[Date "2023.10.10"]
[Round "5"]
[White "ContrVersia"]
[Black "rasmussvane"]
[Result "0-1"]
[WhiteElo "2892"]
[BlackElo "3012"]
[TimeControl "180+1"]
[EndTime "14:52:15 PDT"]
[Termination "rasmussvane won by resignation"]

1. Nf3 d5 2. c4 e6 3. b3 d4 4.
e3 c5 5. exd4 cxd4 6. g3 Nc6 7.
Bg2 Nf6 8. O-O Bd6 9. d3 h6 10. Ba3 O-O 11. Re1 e5 12. Bxd6 Qxd6 13. Nbd2 Bf5 14. Qb1 Rfe8 15. a3 a5 16. Qc2 Rad8 17. c5 Qc7 18. Nc4 e4 19. dxe4 Rxe4 20. Rxe4 Bxe4 21.
Qd2 d3 22. Nd6 b6 23. Nb5 Qb7 24. Rc1 bxc5 25. Rxc5 Qe7 26. Rc1 Bxf3 27. Bxf3 Ne5 28. Bg2 Qd7 29. Qxa5 d2 30. Rd1 Nfg4 31. Qb6 Qd3 32.
h3 Rc8 33. Nc7 Qe2 0-1

[Event "Late-Titled-Tuesday-Blitz-October-10-2023"]
[Site "Chess.com"]
[Date "2023.10.10"]
[Round "5"]
[White "GoldenShare"]
[Black "pirulillo"]
[Result "1-0"]
[WhiteElo "2533"]
[BlackElo "2331"]
[TimeControl "180+1"]
[EndTime "14:52:15 PDT"]
[Termination "GoldenShare won by checkmate"]

1. e4 c5 2. Nc3 e6 3. Nf3 Nc6 4. d4 cxd4 5. Nxd4 Nf6 6. Nxc6 bxc6 7. e5 Nd5 8. Nxd5 cxd5 9. Bd3 d6 10. Bf4 Rb8 11. O-O Be7 12. Qg4 g6 13. Qg3 Rb6 14.
b3 O-O 15. Rad1 Ba6 16. c4 dxc4 17. bxc4 d5 18. cxd5 Bxd3 19. Rxd3 exd5 20. Rfd1 Qd7 21. h4 h5 22. Be3 Ra6 23. Rxd5 Qe6 24. Bh6 Rc8 25. Bg5 Bxg5 26. Qxg5 Rxa2 27. Qh6 Ra1 28. Qe3 Qxd5 29. Rxa1 Re8 30. f4 a5 31. Qc3 Rb8 32. Rxa5 Qe4 33. Ra1 Qxf4 34. Rf1 Qe4 35. Qg3 Rb2 36.
Qg5 Re2 37. Qd8+ Kg7 38. Qf6+ Kh6 39. Qh8# 1-0

[Event "Late-Titled-Tuesday-Blitz-October-10-2023"]
[Site "Chess.com"]
[Date "2023.10.10"]
[Round "5"]
[White "temus_galaktionov"]
[Black "djano"]
[Result "1-0"]
[WhiteElo "2887"]
[BlackElo "2679"]
[TimeControl "180+1"]
[EndTime "14:52:17 PDT"]
[Termination "temus_galaktionov won on time"]

1. d4 d5 2. Nf3 c5 3. dxc5 e6 4. c4 Bxc5 5. cxd5 exd5 6. Nbd2 Nf6 7. Nb3 Bb6 8. Bg5 Bxf2+ 9. Kxf2 Ne4+ 10. Kg1 Nxg5 11.
e3 O-O 12. h4 Ne4 13. Bd3 Nc6 14. Bxe4 dxe4 15. Qxd8 Rxd8 16. Ng5 f5 17. Kf2 a5 18.
Rhd1 h6 19. Rxd8+ Nxd8 20. Rd1 Nc6 21. Nh3 Kf7 22. Nc5 Ke7 23. Nf4 Ne5 24. Nd5+ Kf7 25. Nb6 Rb8 26. Rd8 Ke7 27. Rxc8 Rxc8 28. Nxc8+ Kd8 29.
Nd6 b6 30. Na4 Kc7 31. Nxf5 Nd3+ 32. Ke2 b5 33. Nc3 b4 34. Nxe4 Nxb2 35. Nxg7 a4 36. Nc5 Kc6 37. Nge6 b3 38. axb3 a3 39. b4 1-0

[Event "Late-Titled-Tuesday-Blitz-October-10-2023"]
[Site "Chess.com"]
[Date "2023.10.10"]
[Round "5"]
[White "acertijo08"]
[Black "Lady_Nika"]
[Result "0-1"]
[WhiteElo "2394"]
[BlackElo "2569"]
[TimeControl "180+1"]
[EndTime "14:52:17 PDT"]
[Termination "Lady_Nika won by checkmate"]

1. e4 c5 2. Nf3 e6 3. d4 cxd4 4.
Nxd4 a6 5. Bd3 Nc6 6. Nxc6 bxc6 7. c4 c5 8. O-O Bb7 9. Nc3 d6 10. f4 Nf6 11. e5 dxe5 12. fxe5 Qd4+ 13. Kh1 Qxe5 14.
Qa4+ Nd7 15. Bf4 Qh5 16. Be2 Qg6 17. Bf3 Bxf3 18. Rxf3 Be7 19. Rd1 Ra7 20. Rfd3 O-O 21. Rxd7 Rxd7 22. Qxd7 Bf6 23. Qd3 Qg4 24. Bg3 h5 25. h3 Qd4 26. Qxd4 Bxd4 27. Rd2 f5 28. Ne2 Be3 29. Rd6 f4 30. Bh4 g5 31. Be1 g4 32.
Rxe6 Kf7 33. Re4 Kg6 34. Bg3 Kf5 35. Re7 Rd8 36. Bxf4 Rd1+ 37. Kh2 Bxf4+ 38. Nxf4 Kxf4 39. Rc7 g3# 0-1

[Event "Late-Titled-Tuesday-Blitz-October-10-2023"]
[Site "Chess.com"]
[Date "2023.10.10"]
[Round "5"]
[White "Nick12772"]
[Black "Witty_Alien"]
[Result "0-1"]
[WhiteElo "2394"]
[BlackElo "2238"]
[TimeControl "180+1"]
[EndTime "14:52:17 PDT"]
[Termination "Witty_Alien won on time"]

1. Nf3 g5 2. Nxg5 e5 3. d4 Be7 4. Nf3 e4 5. Nfd2 d5 6. e3 Nf6 7. c4 c6 8. Nc3 Rg8 9. Qb3 Ng4 10. cxd5 Bh4 11. g3 Qf6 12. Ncxe4 Qd8 13. dxc6 Nxc6 14.
gxh4 Qxh4 15. Nf3 Qe7 16. Bd3 Be6 17. Qxb7 Qxb7 18. Nd6+ Ke7 19. Nxb7 Nb4 20. Be4 f5 21. a3 fxe4 22. axb4 exf3 23. Nc5 Bc4 24. Bd2 Nxh2 25. O-O-O Rg2 26. Be1 Rag8 27. Ne4 Ng4 28. Nd2 Nxf2 29. Bxf2 Rxf2 30. Nxc4 Rc8 0-1

[Event "Late-Titled-Tuesday-Blitz-October-10-2023"]
[Site "Chess.com"]
[Date "2023.10.10"]
[Round "5"]
[White "cande_francisco"]
[Black "Harald_Schmidt"]
[Result "0-1"]
[WhiteElo "2529"]
[BlackElo "2363"]
[TimeControl "180+1"]
[EndTime "14:52:18 PDT"]
[Termination "Harald_Schmidt won by resignation"]

1. e4 c5 2. Nf3 a6 3. c3 d6 4. d4 Nf6 5. Bd3 g6 6. O-O Bg7 7. h3 O-O 8. Re1 cxd4 9. cxd4 Nc6 10. Nc3 Nd7 11. Bf1 b5 12. a3 Bb7 13. Bg5 Re8 14.
Qd2 Qb6 15. Nd5 Qd8 16. Rac1 Rc8 17. Rc3 Nb6 18. Rec1 Nxd5 19. exd5 Na7 20. Rxc8 Nxc8 21. a4 bxa4 22. Bh6 Bxd5 23. Nh2 Nb6 24. Ng4 Nd7 25. Bxa6 Qb6 26. Bxg7 Kxg7 27. Bc8 Nf6 28. Qh6+ Kg8 29. Qg5 Nxg4 30. Qxd5 Nf6 31. Qc4 Qxb2 32. Rc2 Qb3 33. Qc6 a3 34. Bd7 Nxd7 35. Qxd7 Qxc2 36. Qxe8+ Kg7 37.
Qxe7 a2 38. Qxd6 a1=Q+ 39. Kh2 Qxf2 40. Qe5+ Qf6 0-1

[Event "Late-Titled-Tuesday-Blitz-October-10-2023"]
[Site "Chess.com"]
[Date "2023.10.10"]
[Round "5"]
[White "Oleksandr_Bortnyk"]
[Black "cassoulet"]
[Result "0-1"]
[WhiteElo "3029"]
[BlackElo "2768"]
[TimeControl "180+1"]
[EndTime "14:52:19 PDT"]
[Termination "cassoulet won by resignation"]

1. d4 Nf6 2. Nc3 d5 3. Bf4 g6 4. e3 Bg7 5. h4 h6 6. Nf3 c6 7. Ne5 Nbd7 8. Bd3 Qb6 9. Rb1 h5 10. O-O Nxe5 11. Bxe5 O-O 12. Qf3 Bg4 13. Qg3 Qd8 14. f3 Be6 15. Ne2 Qd7 16. Rbd1 Bf5 17. Bxf6 Bxf6 18. e4 dxe4 19. Bxe4 Rad8 20. Qf4 Be6 21.
b3 Qd6 22. Qh6 Bd5 23. c4 Bg7 24. Qg5 Be6 25. d5 cxd5 26. Bxd5 Bxd5 27. Rxd5 Qa3 28. Nf4 Bf6 29. Qg3 Qxa2 30. Nxh5 Rxd5 31. Nxf6+ exf6 32. cxd5 Qxb3 33. h5 Qb6+ 34. Kh1 Kg7 35. Qf4 Rh8 36. g4 Qb5 37. Rd1 Qb3 38. Rd2 Qb1+ 39. Kg2 gxh5 40. d6 hxg4 41. Qxg4+ Qg6 42. d7 Rd8 43. Kf2 Qxg4 44. fxg4 Kf8 45. Ra2 a6 46.
Rd2 Ke7 47. Ke3 Rxd7 48. Rb2 Ke6 49. Ke4 b5 50. Ra2 Rd6 51. Rc2 Rb6 52. Rc8 b4 53. Re8+ Kd7 54. Rf8 b3 55. Rxf7+ Ke6 56. g5 Kxf7 0-1

[Event "Late-Titled-Tuesday-Blitz-October-10-2023"]
[Site "Chess.com"]
[Date "2023.10.10"]
[Round "5"]
[White "Thormento16"]
[Black "Jarming"]
[Result "1/2-1/2"]
[WhiteElo "2297"]
[BlackElo "2760"]
[TimeControl "180+1"]
[EndTime "14:52:20 PDT"]
[Termination "Game drawn by repetition"]

1. d4 Nf6 2. Nc3 e6 3. e4 d5 4.
e5 Nfd7 5. f4 c5 6. Nf3 Nc6 7. Be3 a6 8. Qd2 b5 9. Be2 Bb7 10. Nd1 cxd4 11. Nxd4 Nc5 12. O-O Be7 13. c3 Ne4 14. Qe1 O-O 15. Nf2 Qc7 16. Nxe4 dxe4 17.
Nxc6 Bxc6 18. Qf2 a5 19. Rfd1 a4 20. a3 Qb7 21. Bf1 Bd5 22. Bd4 f6 23. exf6 Bxf6 24.
Bxf6 Rxf6 25. Qe3 Raf8 26. g3 h6 27. Bg2 e5 28. fxe5 Rf5 29. Rf1 Kh8 30. Rxf5 Rxf5 31.
Rf1 Rxe5 32. Qd4 Qe7 33. Qe3 Bc4 34. Rf4 Bd3 35. h4 Re6 36. Kh2 Kg8 37. Bh3 Rf6 38. Bg2 Rxf4 39. gxf4 Qxh4+ 40. Kg1 Qg4 41. Kf2 Qf5 42.
Kg3 g5 43. Bh3 Qf6 44. f5 Qe5+ 45. Kg2 Qf4 46. Qd4 g4 47. Qd8+ Kg7 48. Qe7+ Kg8 49.
Qe8+ Kg7 50. Qe7+ Kg8 51. Qe8+ Kg7 52. Qe7+ 1/2-1/2

[Event "Late-Titled-Tuesday-Blitz-October-10-2023"]
[Site "Chess.com"]
[Date "2023.10.10"]
[Round "5"]
[White "FrankDux44"]
[Black "sergiochess83"]
[Result "1-0"]
[WhiteElo "2662"]
[BlackElo "2857"]
[TimeControl "180+1"]
[EndTime "14:52:23 PDT"]
[Termination "FrankDux44 won on time"]

1. d4 Nf6 2. Bg5 d5 3. Nd2 c6 4.
c3 Bf5 5. Bxf6 exf6 6. g3 Be6 7. e3 Nd7 8. Ne2 Bd6 9. Bg2 h5 10. h4 f5 11. Nf4 Nf6 12. Nxe6 fxe6 13. f4 O-O 14. Nf3 g6 15. Ne5 Bxe5 16. fxe5 Ne4 17.
Qf3 c5 18. O-O-O Rc8 19. Qf4 Qa5 20. Bxe4 fxe4 21. Qh6 Qxa2 22. Qxg6+ Kh8 23. Qh6+ Kg8 24. Qg6+ Kh8 25. Qxh5+ Kg7 26. Qg5+ Kh7 27. h5 Qa1+ 28. Kc2 Rf2+ 29. Rd2 Rxd2+ 30. Kxd2 Qxb2+ 31. Kd1 Qb1+ 32. Kd2 Qd3+ 33. Ke1 Qxc3+ 34. Ke2 Qc2+ 35. Ke1 Qc1+ 36. Ke2 Qc2+ 37. Ke1 Qc1+ 38. Ke2 Rg8 39. Qxg8+ 1-0

[Event "Late-Titled-Tuesday-Blitz-October-10-2023"]
[Site "Chess.com"]
[Date "2023.10.10"]
[Round "5"]
[White "Beca95"]
[Black "shimastream"]
[Result "1-0"]
[WhiteElo "2853"]
[BlackElo "2991"]
[TimeControl "180+1"]
[EndTime "14:52:25 PDT"]
[Termination "Beca95 won by checkmate"]

1. e4 d6 2. d4 c6 3. Nc3 e5 4. Nf3 Qc7 5. g3 Bg4 6. Bg2 Nd7 7. O-O Ngf6 8. Be3 Be7 9. h3 Bh5 10. Qd2 Bxf3 11. Bxf3 h5 12. Bg2 Nf8 13. f4 Ne6 14. Ne2 Nd7 15. c3 Bf6 16. b4 Nb6 17. Qd3 O-O 18.
fxe5 dxe5 19. Rxf6 gxf6 20. Rf1 Kg7 21. g4 h4 22. c4 Rad8 23. c5 exd4 24. Bf4 Nxf4 25.
Nxf4 Nd7 26. Nh5+ Kg8 27. Qd2 Kh7 28. Nxf6+ Nxf6 29. Rxf6 Qe5 30. Qh6+ Kg8 31. Rf5 f6 32. Qg6+ Kh8 33. Rh5+ Qxh5 34. Qxh5+ Kg7 35. e5 fxe5 36. Be4 d3 37. Qg6+ Kh8 38. Qh7# 1-0

[Event "Late-Titled-Tuesday-Blitz-October-10-2023"]
[Site "Chess.com"]
[Date "2023.10.10"]
[Round "5"]
[White "vladislavkovalev"]
[Black "filipluczak05"]
[Result "1-0"]
[WhiteElo "2869"]
[BlackElo "2602"]
[TimeControl "180+1"]
[EndTime "14:52:25 PDT"]
[Termination "vladislavkovalev won by resignation"]

1. e4 g6 2. d4 Bg7 3. Be3 c5 4.
Nc3 cxd4 5. Bxd4 Nf6 6. e5 Nh5 7. Qd2 f5 8. Be2 O-O 9. Bxh5 gxh5 10. O-O-O Nc6 11. Nf3 Nxd4 12. Qxd4 a5 13. Nd5 Ra6 14. Rhe1 Rg6 15. Nf4 Qc7 16. Nxg6 hxg6 17. Kb1 Qc6 18. Qd5+ Kh7 19. Qxa5 b5 20. Ng5+ Kh6 21. Qd2 f4 22.
Nf3 d6 23. exd6 exd6 24. Qxd6 Qb7 25. Re7 Qa8 26. Qd5 Qa4 27. Rxg7 Kxg7 28. Qd4+ Qxd4 29.
Nxd4 h4 30. Nxb5 h3 31. gxh3 Bxh3 32. Nd4 Rh8 33. f3 Bg2 34. b4 g5 35. Rd2 Rxh2 36. Kb2 g4 37. fxg4 Kf6 38. a4 Ke5 39. Nf3+ Bxf3 40.
Rxh2 Bxg4 41. Kc3 f3 42. Kd2 Kf4 43. Rf2 Kg3 44. Ke3 Bd7 45. Rxf3+ 1-0

[Event "Late-Titled-Tuesday-Blitz-October-10-2023"]
[Site "Chess.com"]
[Date "2023.10.10"]
[Round "5"]
[White "EfrenRamos1"]
[Black "karinachess1"]
[Result "0-1"]
[WhiteElo "2397"]
[BlackElo "2591"]
[TimeControl "180+1"]
[EndTime "14:52:26 PDT"]
[Termination "karinachess1 won by resignation"]

1. c4 e6 2. Nc3 d5 3. d4 Nf6 4. Bg5 Bb4 5. e3 h6 6. Bxf6 Qxf6 7. Nf3 O-O 8. Bd3 c5 9. O-O cxd4 10. exd4 dxc4 11.
Bxc4 Nc6 12. a3 Bxc3 13. bxc3 b6 14. Qe2 Bb7 15. Ba6 Bxa6 16. Qxa6 Rfc8 17. Rac1 Na5 18. Ne5 Qe7 19. a4 Rc7 20. c4 Rac8 21. c5 Nb3 22. c6 Nxc1 23. Rxc1 f6 24. Ng6 Qe8 25. Qd3 Rxc6 26. Rxc6 Rxc6 27. h4 h5 28. Qe4 Rc1+ 29. Kh2 f5 30. Qf4 Rc4 31. Qg5 Rxd4 32. Qxh5 Rxh4+ 33. Qxh4 Qxg6 34. Qd8+ Kh7 35. Kg1 Qf6 36. Qd7 Qa1+ 37. Kh2 Qe5+ 38. g3 a6 39. Qe8 f4 40.
gxf4 Qxf4+ 41. Kg1 Qg4+ 42. Kf1 Qf5 43. Qc6 b5 44. Qxa6 Qb1+ 45. Kg2 Qe4+ 46. f3 Qc2+ 47. Kg3 bxa4 48. Qxe6 Qg6+ 49. Qxg6+ Kxg6 0-1

[Event "Late-Titled-Tuesday-Blitz-October-10-2023"]
[Site "Chess.com"]
[Date "2023.10.10"]
[Round "5"]
[White "vladoboch"]
[Black "SanchezKelvin"]
[Result "1-0"]
[WhiteElo "2469"]
[BlackElo "2599"]
[TimeControl "180+1"]
[EndTime "14:52:28 PDT"]
[Termination "vladoboch won on time"]

1. e4 e5 2. Nf3 Nc6 3. Bc4 Bc5 4. c3 Nf6 5. d3 d6 6. Nbd2 a5 7. Nf1 h6 8. Ng3 Be6 9. Bb5 Bg4 10. h3 Bd7 11.
O-O Ne7 12. Bxd7+ Nxd7 13. Nh4 g6 14. Kh1 Nf8 15. f4 Ne6 16. f5 Nf4 17. d4 Bb6 18.
fxg6 fxg6 19. Bxf4 exf4 20. Rxf4 Qd7 21. Qg4 g5 22. Qh5+ Kd8 23. Rf7 gxh4 24. Nf5 Re8 25. Qxh4 Qe6 26. Rf6 Nxf5 27. exf5 Qe7 28. Qxh6 Kc8 29.
Re6 Qd8 30. Rae1 Rh8 31. Qg6 Kd7 32. d5 Qg8 33. Re7+ Kd8 34. Rg7 Qf8 35. f6 Bf2 36. Ree7 Bh4 37. Rd7+ Kc8 38. Rxc7+ Kb8 39. Rxb7+ Kc8 40.
Rgc7+ Kd8 41. Rd7+ Kc8 42. Qe4 1-0

[Event "Late-Titled-Tuesday-Blitz-October-10-2023"]
[Site "Chess.com"]
[Date "2023.10.10"]
[Round "5"]
[White "isainz"]
[Black "GAO"]
[Result "0-1"]
[WhiteElo "2022"]
[BlackElo "2353"]
[TimeControl "180+1"]
[EndTime "14:52:31 PDT"]
[Termination "GAO won on time"]

1. e4 c6 2. d4 d5 3. e5 Bf5 4.
Be3 e6 5. Nd2 Ne7 6. f4 Bg6 7.
Ngf3 Nf5 8. Bf2 Nd7 9. Be2 h5 10. O-O Be7 11. c4 c5 12. cxd5 exd5 13. Qb3 c4 14. Qxb7 Rb8 15. Qxd5 Rxb2 16. Bxc4 O-O 17. Bb3 h4 18. Rae1 Nb6 19. Qc6 Qc8 20. Qxc8 Rxc8 21.
Rc1 Rxc1 22. Rxc1 h3 23. g4 Nh6 24. f5 Bh7 25. Rc7 Bf8 26. e6 Nxg4 27. exf7+ Kh8 28. Rxa7 Bxf5 29. Rb7 Nd7 30. Ra7 g6 31. Ra8 Kg7 32. Bg3 Ne3 33. Rd8 Nf6 34. Be5 Ng4 35. Rd6 Nxe5 36. dxe5 Ne4 37. Nxe4 Bxe4 38. Ng5 Rg2+ 39. Kf1 Rxg5 40. Rd8 Rf5+ 0-1

[Event "Late-Titled-Tuesday-Blitz-October-10-2023"]
[Site "Chess.com"]
[Date "2023.10.10"]
[Round "5"]
[White "GlavkonVVS"]
[Black "Dannyyi"]
[Result "1-0"]
[WhiteElo "2527"]
[BlackElo "2251"]
[TimeControl "180+1"]
[EndTime "14:52:32 PDT"]
[Termination "GlavkonVVS won on time"]

1. c4 e5 2. Nc3 Bb4 3. g3 Nf6 4.
Bg2 Bxc3 5. bxc3 d6 6. Nf3 O-O 7.
d3 Nbd7 8. Rb1 Nc5 9. O-O h6 10. e4 b6 11. h3 Be6 12. Nh4 Qe8 13. Nf5 Qa4 14. Qd2 Bxf5 15. exf5 Rae8 16. Rb4 Qa5 17.
d4 Nce4 18. Qb2 exd4 19. cxd4 Qxf5 20. Rb5 Qg6 21. g4 Ng5 22. Rf5 Ne6 23. Be3 Rd8 24. Qb5 Rfe8 25. Bc6 Re7 26. Kh2 Nh7 27. a4 Nhg5 28.
Bg2 a5 29. c5 dxc5 30. dxc5 bxc5 31. Bxc5 Nxc5 32. Qxc5 Red7 33. Qxa5 Ne6 34. Qe5 Rd2 35.
a5 Ra2 36. Bb7 Rdd2 37. a6 Nd4 38. Rf4 Ne6 39. Rf5 Nd4 40. Qe8+ Kh7 41. Rxf7 Qd6+ 42. Kg2 Ne2 43. Qe4+ Qg6 44. Qxg6+ Kxg6 45. Rf3 Nd4 46.
Re3 c5 47. Rc3 1-0

[Event "Late-Titled-Tuesday-Blitz-October-10-2023"]
[Site "Chess.com"]
[Date "2023.10.10"]
[Round "5"]
[White "GM_dmitrij"]
[Black "josiwales"]
[Result "0-1"]
[WhiteElo "3000"]
[BlackElo "2757"]
[TimeControl "180+1"]
[EndTime "14:52:33 PDT"]
[Termination "josiwales won by resignation"]

1. e4 c5 2. c3 Nf6 3. e5 Nd5 4. Bc4 Nb6 5. Bb3 d5 6. d4 cxd4 7. cxd4 Bf5 8. Nc3 e6 9. Nge2 h5 10. O-O h4 11. Bc2 h3 12. g3 Bxc2 13. Qxc2 Nc6 14.
Be3 g5 15. Rac1 g4 16. f3 Nc4 17. Bf4 Qb6 18. Na4 Qa6 19. b3 Na3 20. Qb2 Nb5 21. fxg4 Ba3 22. Qd2 Bxc1 23. Rxc1 O-O-O 24. Nc5 Qa3 25. Bg5 Rde8 26. Bf6 Rhg8 27. g5 Kb8 28. Rc2 Rc8 29.
Nd7+ Ka8 30. Kf1 Ncxd4 31. Nxd4 Nxd4 32. Rxc8+ Rxc8 33. Qxd4 Qc1+ 34. Ke2 Rc2+ 35. Kf3 Rd2 36. Qc5 Qd1+ 37. Kf4 Rd4+ 38. Qxd4 Qxd4+ 39. Kf3 Qe4+ 40. Kf2 Qg2+ 41. Ke3 Qxh2 0-1

[Event "Late-Titled-Tuesday-Blitz-October-10-2023"]
[Site "Chess.com"]
[Date "2023.10.10"]
[Round "5"]
[White "elcala"]
[Black "josiur"]
[Result "1/2-1/2"]
[WhiteElo "1760"]
[BlackElo "2477"]
[TimeControl "180+1"]
[EndTime "14:52:34 PDT"]
[Termination "Game drawn by repetition"]

1. d4 d5 2. Nf3 e6 3. Bf4 Bd6 4. Bg3 Bxg3 5. hxg3 Nf6 6. e3 b6 7. Nbd2 Ba6 8. Bxa6 Nxa6 9. c3 O-O 10. Ne5 c5 11. g4 g6 12. Qf3 Nd7 13. Qh3 h5 14. gxh5 g5 15. h6 Nxe5 16. h7+ Kh8 17. dxe5 Nc7 18. Nf3 f5 19. Qh6 g4 20. Ng5 Qe7 21. Qg6 Qg7 22. Rh6 Rae8 23. O-O-O Re7 24. Rdh1 Qxe5 25. Qh5 d4 26. exd4 cxd4 27. cxd4 Qxd4 28.
Rg6 Rg7 29. Qh6 Ne8 30. Nxe6 Qc4+ 31. Kb1 Qd3+ 32. Ka1 Rff7 33. Nxg7 Nxg7 34. Rc6 Rd7 35. Rc8+ Rd8 36. Rxd8+ Qxd8 37. Qg6 b5 38. Re1 b4 39. b3 Qd4+ 40. Kb1 Qd3+ 41. Kc1 Qc3+ 42. Kd1 Qd3+ 43. Kc1 Qc3+ 44. Kd1 Qd3+ 45. Kc1 1/2-1/2

[Event "Late-Titled-Tuesday-Blitz-October-10-2023"]
[Site "Chess.com"]
[Date "2023.10.10"]
[Round "5"]
[White "Semetey"]
[Black "Kiborg95"]
[Result "1-0"]
[WhiteElo "2557"]
[BlackElo "2801"]
[TimeControl "180+1"]
[EndTime "14:52:37 PDT"]
[Termination "Semetey won by resignation"]

1. d4 Nf6 2. c4 d6 3. Nf3 Nbd7 4. Bf4 Nh5 5. Bd2 e5 6. Nc3 g6 7. dxe5 dxe5 8. e3 c6 9. Be2 f5 10. e4 f4 11. g4 Nhf6 12. g5 Nh5 13. h4 Qc7 14.
Qc2 Nc5 15. Nb1 Bg7 16. Bc3 a5 17. Nbd2 O-O 18. b3 Ne6 19. Bb2 a4 20. O-O a3 21.
Bc3 Nd4 22. Bxd4 exd4 23. Rad1 c5 24. Nh2 f3 25. Bxf3 Be5 26. Ng4 Rxf3 27. Nh6+ Kg7 28. Nxf3 Bh3 29. Rfe1 Rf8 30. Rd3 Be6 31. Nxe5 Qxe5 32.
Qd1 Rf4 33. Rf3 Rxh4 34. Nf5+ Bxf5 35. exf5 Qh2+ 36. Kf1 Qh1+ 37. Ke2 Re4+ 38. Kd2 Qh4 39. Rxe4 Qxe4 40. f6+ Kf7 41. Qe2 1-0

[Event "Late-Titled-Tuesday-Blitz-October-10-2023"]
[Site "Chess.com"]
[Date "2023.10.10"]
[Round "5"]
[White "Rozhkov_V"]
[Black "talaicito"]
[Result "0-1"]
[WhiteElo "2396"]
[BlackElo "2239"]
[TimeControl "180+1"]
[EndTime "14:52:37 PDT"]
[Termination "talaicito won by resignation"]

1. e4 c5 2. Nf3 d6 3. d4 cxd4 4. Nxd4 Nf6 5. Nc3 g6 6. Be3 Bg7 7. Bc4 O-O 8. f3 Nc6 9. Bb3 Bd7 10. Qd2 Rc8 11. h4 h5 12. O-O-O Nxd4 13. Bxd4 b5 14.
Bxf6 Bxf6 15. Qh6 b4 16. Qxg6+ Bg7 17. Ne2 Ba4 18. Qg5 Bxb3 19. axb3 Qb6 20. Rd2 Rc5 21. Qg3 Qa6 22. Kd1 Kh7 23. Re1 Bh6 24. f4 Rg8 25. Qd3 Qa1+ 26. Nc1 Kh8 27. g3 a5 28. e5 dxe5 29. Qf5 Rc6 30. Qxh5 Rxg3 31. fxe5 Kg7 32. e6 Bxd2 33. Kxd2 Rd6+ 34. Nd3 Rgxd3+ 35. cxd3 Qxb2+ 36. Ke3 Rxe6+ 37. Kf4 Qf6+ 38. Kg3 Rxe1 39. Qg4+ Qg6 0-1

[Event "Late-Titled-Tuesday-Blitz-October-10-2023"]
[Site "Chess.com"]
[Date "2023.10.10"]
[Round "5"]
[White "ChristopherYoo"]
[Black "Mykola-Bortnyk"]
[Result "0-1"]
[WhiteElo "3016"]
[BlackElo "2969"]
[TimeControl "180+1"]
[EndTime "14:52:38 PDT"]
[Termination "Mykola-Bortnyk won by resignation"]

1. e4 e5 2. Nf3 d6 3. d4 exd4 4. Nxd4 Nf6 5. Nc3 Be7 6. g3 d5 7.
e5 Ng4 8. e6 Nf6 9. exf7+ Kxf7 10. Bg2 Re8 11. O-O c5 12. Nf3 Kg8 13. Bf4 d4 14. Nb5 Nd5 15. Bxb8 Rxb8 16. Nxa7 Bg4 17. Nb5 Bf6 18. Qd3 Kh8 19. Rae1 Qd7 20. Rxe8+ Rxe8 21. Re1 Nb4 22. Rxe8+ Qxe8 23. Qc4 b6 24. Nd6 Qe6 25. Qb5 Nxc2 26. Qxb6 h6 27. Qb8+ Kh7 28. h3 Bh5 29. g4 Bg6 30. Nf5 Ne1 31. N3h4 Nxg2 32.
Nxg2 Bxf5 33. gxf5 Qxf5 34. Qf4 Qb1+ 35. Kh2 c4 36. h4 c3 37. bxc3 dxc3 38. Qf3 Be5+ 39. Kh3 c2 40. Qe4+ Kh8 41. Qa8+ Bb8 42. Qc6 c1=Q 43.
Qe8+ Kh7 44. Ne3 Qh1+ 45. Kg4 0-1

[Event "Late-Titled-Tuesday-Blitz-October-10-2023"]
[Site "Chess.com"]
[Date "2023.10.10"]
[Round "5"]
[White "Hirna2005"]
[Black "venturov"]
[Result "1-0"]
[WhiteElo "2283"]
[BlackElo "2426"]
[TimeControl "180+1"]
[EndTime "14:52:38 PDT"]
[Termination "Hirna2005 won on time"]

1. e4 Nf6 2. e5 Nd5 3. Nf3 d6 4.
d4 dxe5 5. Nxe5 c6 6. Be2 Bf5 7.
O-O Nd7 8. Nf3 e6 9. Bd2 Bd6 10. Nc3 h6 11. Nxd5 cxd5 12. h3 O-O 13. Be3 Qa5 14. c3 b5 15. b4 Qb6 16. a4 a6 17. Qd2 Qc6 18. Ra3 bxa4 19. Rfa1 Nb6 20. Ne5 Qc7 21. Bf4 a5 22. bxa5 Rxa5 23. R3a2 f6 24. Nd3 Bxd3 25. Bxd6 Qxd6 26. Bxd3 Rfa8 27. Ra3 R5a7 28. Qd1 Rc7 29. g3 Qd7 30. Qe2 Nc4 31. Bxc4 Rxc4 32. Rb1 Qd6 33. Ra2 Rxc3 34. Rb7 a3 35.
Qg4 Rc7 36. Rxc7 Qxc7 37. Qxe6+ Kh8 38. Qxd5 Ra7 39. Kg2 Ra5 40. Qe6 Qb7+ 41. Kh2 Qa7 42. d5 Qd4 43. Qe8+ Kh7 44. Qe7 1-0

[Event "Late-Titled-Tuesday-Blitz-October-10-2023"]
[Site "Chess.com"]
[Date "2023.10.10"]
[Round "5"]
[White "Defenstrator"]
[Black "annacramling"]
[Result "1-0"]
[WhiteElo "2407"]
[BlackElo "2208"]
[TimeControl "180+1"]
[EndTime "14:52:38 PDT"]
[Termination "Defenstrator won by checkmate"]

1. g4 d5 2. Bg2 c6 3. h3 h5 4.
gxh5 Rxh5 5. e4 Nf6 6. d4 dxe4 7.
Bxe4 g6 8. Bf3 Rh8 9. Bg5 Bg7 10. Nc3 Bf5 11. Qd2 Qa5 12. O-O-O Nbd7 13. Kb1 O-O-O 14.
Nd5 Bxc2+ 15. Qxc2 Nxd5 16. Ne2 N7b6 17. Qb3 Bh6 18.
Bxh6 Rxh6 19. Ng3 Rh4 20. Ne4 f5 21. Nc5 Kb8 22. Rhe1 Nb4 23. Rxe7 Rhxd4 24. Rc1 Rd2 25. Rxb7+ Ka8 26. Rxb6 axb6 27. Na4 b5 28. Nc5 R2d5 29. a3 Rxc5 30. Rxc5 Nd3 31. Bxc6+ Kb8 32. Rxb5+ Kc7 33. Rxa5 Kxc6 34. Qc4+ Kb7 35. Rb5+ Ka6 36. Qa4# 1-0

[Event "Late-Titled-Tuesday-Blitz-October-10-2023"]
[Site "Chess.com"]
[Date "2023.10.10"]
[Round "5"]
[White "iturrizaga"]
[Black "Dedic8"]
[Result "1-0"]
[WhiteElo "3007"]
[BlackElo "2865"]
[TimeControl "180+1"]
[EndTime "14:52:41 PDT"]
[Termination "iturrizaga won by checkmate"]

1. c4 e5 2. g3 c6 3. Nf3 e4 4. Nd4 d5 5. cxd5 Qxd5 6. e3 Nf6 7.
Nc3 Qe5 8. f3 exf3 9. Nxf3 Qc7 10.
Bg2 Bd6 11. O-O Bg4 12. d4 O-O 13. e4 Bb4 14. e5 Nd5 15. Ne4 Nd7 16. Qd3 h6 17. h3 Bxf3 18. Rxf3 Rad8 19. a3 Be7 20. Bd2 N5b6 21. Qc2 c5 22. b4 c4 23. Raf1 Nd5 24.
g4 Qb6 25. Nc5 Nxc5 26. bxc5 Qa6 27. Be1 b6 28. cxb6 axb6 29. Qf2 f6 30. h4 b5 31. g5 Qe6 32. gxf6 gxf6 33. Bh3 Qb6 34. e6 Kh8 35. Qd2 Rg8+ 36. Kh1 Bf8 37. Bf5 Ne7 38.
Bb1 Rxd4 39. Qf2 Qd6 40. Bc3 Rd5 41. Rxf6 Bg7 42. Rxh6# 1-0